 Dungeon Crawl Stone Soup version 0.21.0-3-g78d12a8 (webtiles) character file.

309684 nuthulu the Hoplite (level 21, -2/154 HPs)
             Began as a Gargoyle Fighter on Jan 10, 2018.
             Was the Champion of Okawaru.
             Killed by mirror damage (29 damage)
             ... on level 3 of the Vaults.
             The game lasted 01:55:07 (45234 turns).

nuthulu the Hoplite (Gargoyle Fighter)             Turns: 45234, Time: 01:55:08

Health: -2/154     AC: 40    Str: 38    XL:     21   Next: 24%
Magic:  21/21      EV:  9    Int: 15    God:    Okawaru [******]
Gold:   2253       SH: 40    Dex: 14    Spells: 20/20 levels left

rFire    + . .     SeeInvis +   Q - +10 morningstar of Oozing Pus {venom, SInv Stlth+}
rCold    + + +     Gourm    .   w - +8 large shield
rNeg     + + .     Faith    .   W - +2 plate armour {rPois}
rPois    ∞         Spirit   .   y - +0 helmet of Valour {*Corrode rN+ MR+ Int+4}
rElec    +         Reflect  +   x - scarf {rC+ rF+}
rCorr    +         Harm     .   U - +2 pair of gloves {Dex+3}
MR       ++...                  S - +1 pair of boots {Stlth+}
Stlth    ..........             K - amulet of Exhibitionism {Reflect rF- Str+5 SH+4}
HPRegen  0.35/turn              v - ring of Vaosk {rCorr +Blink rC++ Str+4 SInv}
MPRegen  0.17/turn              H - ring of protection from fire

@: mighty
A: big wings, clumsy 1, cold resistance 1, deformed body, negative energy
resistance 1, robust 1, electricity resistance, wild magic 1, unbreathing,
petrification resistance, rot immunity, AC +16
}: 2/15 runes: barnacled, gossamer
a: Fly, Heroism, Finesse, Renounce Religion, Evoke Blink


You were on level 3 of the Vaults.
You worshipped Okawaru.
Okawaru was exalted by your worship.
You were hungry.

You visited 7 branches of the dungeon, and saw 35 of its levels.
You visited the Abyss 1 time.
You visited 1 bazaar.
You also visited: Labyrinth, Sewer and Ice Cave.

You collected 3738 gold pieces.
You spent 1485 gold pieces at shops.

Inventory:

Hand Weapons
 F - the +12 mace "Tocieq" {venom, rF+}
   (You found it on level 8 of the Dungeon)

   It poisons the flesh of those it strikes.
   It protects you from fire.
 Q - the +10 morningstar of Oozing Pus (weapon) {venom, SInv Stlth+}
   (You found it on level 4 of the Shoals)

   It poisons the flesh of those it strikes.
   It lets you see invisible.
   It makes you more stealthy.
 R - a +3 demon whip of flaming
 X - a +0 flail of holy wrath
Armour
 c - a +2 shield
 w - a +8 large shield (worn)
 x - a scarf of resistance (worn)
 y - the +0 helmet of Valour (worn) {*Corrode rN+ MR+ Int+4}
   (Okawaru gifted it to you on level 9 of the Dungeon)

   It affects your intelligence (+4).
   It protects you from negative energy.
   It affects your resistance to hostile enchantments.
   It may corrode you when you take damage.
 L - a +2 helmet of see invisible
 S - a +1 pair of boots of stealth (worn)
 U - a +2 pair of gloves of dexterity (worn)
 W - a +2 plate armour of poison resistance (worn)
Jewellery
 b - an uncursed ring of ice
 g - an uncursed ring of protection from fire
 q - the amulet "Ryzaovve" {RegenMP +Inv Str+3}
   (You found it on level 3 of the Spider Nest)

   [amulet of magic regeneration]

   It increases your magic regeneration.
   It affects your strength (+3).
   It lets you turn invisible.
 s - an uncursed ring of fire
 v - the ring of Vaosk (left hand) {rCorr +Blink rC++ Str+4 SInv}
   (You found it on level 6 of the Dungeon)

   [ring of resist corrosion]

   It affects your strength (+4).
   It greatly protects you from cold.
   It lets you see invisible.
   It lets you blink.
 z - an uncursed ring of positive energy
 A - an uncursed amulet of regeneration
 D - an uncursed ring of fire
 G - an uncursed ring of magical power
 H - a ring of protection from fire (right hand)
 J - a +2 amulet of reflection
 K - the amulet of Exhibitionism (around neck) {Reflect rF- Str+5 SH+4}
   (You took it off a minotaur in a labyrinth)

   [amulet of reflection]

   It shields you and reflects attacks.
   It affects your strength (+5).
   It makes you vulnerable to fire.
   It affects your SH (+4).
 M - an uncursed ring of resist corrosion
 O - an uncursed ring of see invisible
 Y - a +4 ring of evasion
Wands
 j - a wand of iceblast (20)
Scrolls
 e - 13 scrolls of teleportation
 k - 10 scrolls of identify
 l - 10 scrolls of remove curse
 p - 5 scrolls of fear
 t - a scroll of silence
 u - a scroll of enchant weapon
 B - 5 scrolls of fog
 C - 5 scrolls of amnesia
 N - a scroll of blinking
Potions
 d - 5 potions of might
 h - 6 potions of heal wounds
 i - 3 potions of agility
 m - 7 potions of lignification
 n - 19 potions of curing
 o - 6 potions of brilliance
 r - 3 potions of haste
 E - 3 potions of magic
 I - a potion of invisibility
 P - a potion of resistance
 T - 3 potions of berserk rage
Comestibles
 f - 33 rations


   Skills:
 - Level 17.5 Fighting
 - Level 16.0 Maces & Flails
 - Level 18.9 Armour
 * Level 23.8 Shields


You had 20 spell levels left.
You didn't know any spells.

Dungeon Overview and Level Annotations

Branches:
Dungeon (15/15)            Temple (1/1) D:5            Lair (6/6) D:8
 Shoals (4/4) Lair:3       Spider (4/4) Lair:4        Slime (0/5) Lair:5
    Orc (2/2) D:12            Elf (0/3) Orc:2        Vaults (3/5) D:14
  Crypt (0/3) Vaults:2     Depths (0/5) D:15

Altars:
Ashenzari
Cheibriados
Dithmenos
Elyvilon
Fedhas
Gozag
Hepliaklqana
Kikubaaqudgha
Makhleb
Nemelex Xobeh
Okawaru
Qazlal
Ru
Sif Muna
Trog
Uskayaw
Vehumet
Wu Jian
Xom
Yredelemnul
Zin
The Shining One
Beogh
Jiyva

Shops:
D:8 =(?   D:9 *   Orc:2 %[((

Annotations:
Lair:6 exclusion: oklob plant


Innate Abilities, Weirdness & Mutations

You are resistant to torment.
Your stone body is resilient. (AC +16)
You are immune to poison.
Your large and strong wings let you fly indefinitely.
You resist negative energy. (rN+)
You are resistant to electric shocks. (rElec)
You can survive without breathing.
You are immune to petrification.
You are immune to rotting.
You are clumsy. (Dex -2)
Your flesh is cold resistant. (rC+)
Armour fits poorly on your strangely shaped body.
You are robust. (+10% HP)
Your spells are a little harder to cast, but a little more powerful.


Message History

You spit the deep troll like a pig!!!
You kill the deep troll!
Okawaru accepts your kill.
The troll leather armour is intact enough to wear.
You block the freezing wraith's attack. x2
The stone giant throws a large rock.
You reflect the large rock off an invisible shield around you!
The large rock hits the stone giant!!
You impale the death knight!!
The death knight is moderately wounded.
The death knight reflects your damage back at you!
* * * LOW HITPOINT WARNING * * *
You block the death knight's attack. You block the ogre mage's attack.
You block the freezing wraith's attack. x2
Unknown command.
You hammer the death knight like a gong!!!
The death knight looks as sick as possible!
The death knight is almost dead.
The death knight reflects your damage back at you!
You die...

..........#...#...#......#
..........#.......#......#
..........###+###+##.....#
............#(.....#.(...#
########..O.)(..)..#.....#
#....#).)...#.....#
#.OO.#OOO...#.....#
#....#pWc...#.))..#
#...p#@pC...#.))..#
#..Cp########.....#
#..OO..pO..§......#
#...OO.....R).....#
#.........).......#
#.................#
#..........p......#
#....(............#
#.................#


You could see a stone giant, a death knight, a centaur warrior, an ogre mage, an
ironbrand convoker, a freezing wraith and 2 ogres.

Vanquished Creatures
  Mara (Shoals:4)
  Arachne (Spider:2)
  Jorgrun (Vaults:1)
  A lich (Vaults:3)
  A titan (Vaults:2)
  Gastronok (Lair:1)
  Frances (Spider:1)
  A sphinx (Vaults:1)
  A storm dragon (Vaults:2)
  Donald (Orc:2)
  A revenant (Vaults:1)
  The ghost of kegs the Warrior, a journeyman HOFi of Okawaru (Orc:2)
  Ilsuiw (Shoals:4)
  2 deep elf sorcerers
  4 ghost moths
  4 frost giants
  The ghost of Jakanory the Severer, a journeyman MiBe of Trog (Spider:2)
  8 vault wardens
  13 ironheart preservers
  5 emperor scorpions
  2 stone giants
  4 very ugly things (Vaults:2)
  Azrael (Spider:1)
  6 entropy weavers
  3 spark wasps
  A merfolk javelineer (Shoals:4)
  3 deep elf death magi
  8 merfolk impalers
  Snorg (Orc:1)
  A minotaur (Lab)
  3 yaktaur captains
  3 fire dragons
  A jiangshi (Vaults:1)
  3 rakshasas
  A great orb of eyes (Vaults:1)
  5 ogre magi
  4 vault guards (Vaults:3)
  Erolcha (D:13)
  2 ice dragons
  8 hydras
  3 merfolk avatars
  6 centaur warriors
  3 alligator snapping turtles (Shoals:4)
  2 catoblepae
  8 merfolk aquamancers
  A deep troll earth mage (Vaults:3)
  A vampire mage (Abyss:2)
  A satyr (Shoals:4)
  27 two-headed ogres
  4 orc high priests (Orc:2)
  4 deep elf knights
  8 sea snakes
  5 skeletal warriors (Vaults:2)
  A glowing orange brain (Vaults:3)
  3 unseen horrors
  7 ironbrand convokers
  2 wizards
  A harpy (shapeshifter) (Vaults:2)
  9 deep trolls
  3 deep elf archers
  3 necromancers
  A lindwurm (Lair:6)
  6 orc knights
  39 wolf spiders
  30 harpies
  11 orb spiders
  7 cyclopes
  23 ugly things
  9 deep elf magi
  17 manticores
  3 orc sorcerers
  8 fauns
  9 black mambas
  2 ice statues (IceCv)
  Joseph (D:7)
  6 elephants (Lair:6)
  11 merfolk sirens
  A guardian serpent (shapeshifter) (Vaults:1)
  9 vault sentinels
  2 molten gargoyles (Lair:6)
  13 water nymphs
  A gargoyle (D:13)
  9 spiny frogs
  3 naga magi (D:15)
  An orange demon (Abyss:2)
  10 demonic crawlers
  3 rime drakes
  8 komodo dragons
  19 yaktaurs
  A freezing wraith (Vaults:1)
  A tengu conjurer (D:15)
  17 polar bears
  3 meliai (D:15)
  2 large abominations
  A polar bear (shapeshifter) (Vaults:3)
  3 trolls
  A harpy zombie (D:15)
  27 merfolk
  A jumping spider (shapeshifter) (Vaults:2)
  15 hornets
  4 wind drakes
  32 jumping spiders
  8 snapping turtles
  8 hippogriffs
  9 slime creatures
  A harpy skeleton (D:15)
  6 dream sheep
  14 blink frogs
  3 raiju (Abyss:2)
  A hippogriff (shapeshifter) (Vaults:2)
  58 redbacks
  6 shadows
  71 yaks
  2 wraiths
  A ynoxinul (Abyss:2)
  36 tarantellas
  5 water elementals
  A vampire (D:12)
  4 wyverns
  3 fire elementals (Lair:4)
  A yak (shapeshifter) (Vaults:2)
  3 vampire mosquitoes (D:11)
  2 steam dragons (Lair:6)
  9 basilisks
  A neqoxec (Abyss:2)
  8 hungry ghosts
  5 wargs (Orc:1)
  A soldier ant (D:8)
  7 hell hounds
  2 acid dragons
  7 water moccasins
  7 porcupines
  7 sky beasts
  32 orc warriors
  A black bear (D:11)
  3 ice beasts
  An eye of draining (D:15)
  A phantom (D:12)
  5 boggarts
  A necrophage (D:13)
  29 wolves
  26 ogres
  12 centaurs
  12 crocodiles
  3 big kobolds
  17 bullfrogs
  3 small abominations
  A wyvern zombie (D:14)
  A glowing shapeshifter simulacrum (Vaults:1)
  2 scorpions
  9 howler monkeys
  18 wights
  The ghost of dscm the Grave Robber, a weakling OpNe (D:3)
  The ghost of dscm the Grave Robber, a weakling OpNe (D:4)
  5 electric eels
  A yaktaur simulacrum (Vaults:1)
  6 lava snakes
  7 crimson imps
  9 starcursed masses (Abyss:2)
  2 centaur zombies
  4 quasits
  A bullfrog zombie (D:13)
  2 jellies (D:8)
  2 bullfrog skeletons
  36 orc priests
  7 hounds
  33 orc wizards
  Crazy Yiuf (D:5)
  2 centaur skeletons
  4 iguanas
  13 worker ants
  A hound zombie (D:5)
  Robin (D:2)
  3 gnolls (D:3)
  A worker ant zombie (D:11)
  9 adders
  2 river rats (Sewer)
  5 shadow imps
  A white imp (Abyss:2)
  3 oozes
  2 adder skeletons
  2 adder zombies
  A worm (D:8)
  A dart slug (D:2)
  7 leopard geckos
  118 orcs
  6 ball pythons
  6 giant cockroaches
  14 goblins
  5 hobgoblins
  13 jackals
  31 kobolds
  7 quokkas
  4 bats
  3 frilled lizards
  2 leopard gecko skeletons
  A quokka skeleton (D:8)
  28 rats
  A bush (Shoals:4)
1472 creatures vanquished.

Vanquished Creatures (others)
  A merfolk javelineer (Shoals:4)
  3 yaktaur captains
  6 centaur warriors
  A satyr (Shoals:4)
  A deep troll shaman (Vaults:3)
  Sonja (Lair:1)
  A deep elf archer (Vaults:2)
  An orb spider (Spider:2)
  2 cyclopes
  2 fauns (Shoals:4)
  2 manticores
  5 yaktaurs
  A jumping spider (Spider:1)
  A merfolk (Shoals:4)
  A water elemental (Shoals:2)
  A tarantella (Spider:4)
  10 centaurs
  An orc wizard (D:14)
  A bat (D:3)
  A kobold (D:9)
  7 fungi
  30 plants
80 creatures vanquished.

Grand Total: 1552 creatures vanquished

Notes
Turn   | Place    | Note
-------+----------+-------------------------------------------
     0 | D:1      | nuthulu the Gargoyle Fighter began the quest for the Orb.
     0 | D:1      | Reached XP level 1. HP: 14/14 MP: 1/1
   398 | D:1      | Reached XP level 2. HP: 18/19 MP: 2/2
  1012 | D:2      | Reached XP level 3. HP: 23/23 MP: 3/3
  1149 | D:2      | Reached skill level 4 in Shields
  1393 | D:2      | Noticed Robin
  1575 | D:3      | Noticed a bullfrog
  1586 | D:3      | Killed a bullfrog
  1586 | D:3      | Reached XP level 4. HP: 5/28 MP: 4/4
  1714 | D:3      | Reached skill level 5 in Shields
  1714 | D:3      | Reached XP level 5. HP: 10/32 MP: 5/5
  1793 | D:3      | Noticed dscm's ghost (weakling OpNe)
  1801 | D:3      | Killed dscm's ghost
  1825 | D:3      | Reached XP level 6. HP: 28/37 MP: 6/6
  1897 | D:3      | Found a glowing drain.
  1939 | Sewer    | Entered a sewer
  2183 | Sewer    | Reached skill level 6 in Shields
  2194 | Sewer    | Reached skill level 5 in Maces & Flails
  3145 | D:2      | Killed Robin
  3451 | D:4      | Reached XP level 7. HP: 41/41 MP: 7/7
  3693 | D:4      | Found a glowing golden altar of the Shining One.
  3723 | D:4      | Noticed dscm's ghost (weakling OpNe)
  3736 | D:4      | Killed dscm's ghost
  4497 | D:4      | Reached skill level 7 in Shields
  4622 | D:5      | Entered Level 5 of the Dungeon
  4780 | D:5      | Noticed a hungry ghost
  4821 | D:4      | Killed a hungry ghost
  4821 | D:4      | Reached XP level 8. HP: 34/46 MP: 8/8
  4928 | D:5      | Found a shattered altar of Ashenzari.
  5114 | D:5      | Reached skill level 8 in Shields
  5227 | D:5      | HP: 2/46 [orc priest/divine providence (11)]
  5589 | D:5      | Found a white marble altar of Elyvilon.
  5751 | D:5      | Found a staircase to the Ecumenical Temple.
  5762 | Temple   | Entered the Ecumenical Temple
  6063 | D:5      | Found a runed door.
  6067 | D:5      | Noticed Crazy Yiuf
  6073 | D:5      | Killed Crazy Yiuf
  6171 | D:6      | Found a radiant altar of Vehumet.
  6442 | D:6      | Found a sparkling altar of Nemelex Xobeh.
  6454 | D:6      | Reached skill level 9 in Shields
  6481 | D:6      | Found a shimmering altar of Xom.
  6493 | D:6      | Found a burning altar of Makhleb.
  6518 | D:6      | Found an iron altar of Okawaru.
  6522 | D:6      | Became a worshipper of Warmaster Okawaru
  6550 | D:6      | Got a transparent lapis lazuli ring
  6566 | D:6      | Identified the ring of Vaosk {rCorr +Blink rC++ Str+4 SInv} (You found it on level 6 of the Dungeon)
  6585 | D:6      | Got a dazzling mace
  6586 | D:6      | Identified the +6 mace of Luprucod {crush, *Drain +Blink Int+4 Dex+4} (You found it on level 6 of the Dungeon)
  6693 | D:6      | Got a pitted shield
  6704 | D:6      | Identified the cursed +0 shield "Suixt" {rN+} (You found it on level 6 of the Dungeon)
  6843 | D:7      | Noticed Joseph
  6857 | D:7      | Killed Joseph
  6857 | D:7      | Reached XP level 9. HP: 14/51 MP: 9/9
  7047 | D:7      | Found an ancient bone altar of Kikubaaqudgha.
  7376 | D:7      | Reached * piety under Okawaru
  7527 | D:7      | Reached skill level 10 in Shields
  8009 | D:8      | Reached ** piety under Okawaru
  8019 | D:8      | Noticed a manticore
  8027 | D:8      | Reached skill level 11 in Shields
  8027 | D:8      | Reached XP level 10. HP: 56/56 MP: 10/10
  8035 | D:8      | Killed a manticore
  8035 | D:8      | Reached skill level 10 in Maces & Flails
  8078 | D:8      | Noticed a catoblepas
  8089 | D:8      | Killed a catoblepas
  8089 | D:8      | Reached *** piety under Okawaru
  8165 | D:8      | Got an ancient mace
  8166 | D:8      | Identified the +12 mace "Tocieq" {venom, rF+} (You found it on level 8 of the Dungeon)
  8204 | D:8      | Found a sacrificial altar of Ru.
  8453 | D:8      | Found a staircase to the Lair.
  8470 | D:8      | Found Plog's Magic Scroll Emporium.
  8477 | D:8      | Bought a scroll of identify for 26 gold pieces
  8650 | D:8      | Found Tiesilag's Antique Weapon Shop.
  8700 | D:8      | Found Ekkirr's Jewellery Shoppe.
  8708 | D:8      | Bought an uncursed ring of protection from fire for 350 gold pieces
  8969 | D:8      | Reached skill level 12 in Shields
  9324 | D:9      | Noticed a two-headed ogre
  9328 | D:9      | Noticed a two-headed ogre
  9335 | D:9      | Killed a two-headed ogre
  9335 | D:9      | Reached **** piety under Okawaru
  9343 | D:9      | Killed a two-headed ogre
  9343 | D:9      | Reached ***** piety under Okawaru
  9343 | D:9      | Reached XP level 11. HP: 57/60 MP: 11/11
  9423 | D:9      | Noticed a two-headed ogre
  9443 | D:9      | Killed a two-headed ogre
  9443 | D:9      | Received a gift from Okawaru
  9443 | D:9      | Reached skill level 13 in Shields
  9446 | D:9      | Got a twisted helmet {god gift}
  9457 | D:9      | Identified the +0 helmet of Valour {*Corrode rN+ MR+ Int+4} (Okawaru gifted it to you on level 9 of the Dungeon)
  9489 | D:9      | Found Qolew's Serpentskin Sales.
  9612 | D:10     | Entered Level 10 of the Dungeon
  9843 | D:10     | Noticed a two-headed ogre
  9860 | D:10     | Killed a two-headed ogre
 10140 | D:10     | Noticed an unseen horror
 10163 | D:10     | Killed an unseen horror
 10166 | D:10     | Found a glowing golden altar of the Shining One.
 10908 | Lair:1   | Entered Level 1 of the Lair of Beasts
 10963 | Lair:1   | Identified a scroll of acquirement
 11196 | Lair:1   | Noticed Sonja
 11202 | Lair:1   | Killed Sonja
 11230 | Lair:1   | Noticed a seven-headed hydra
 11248 | Lair:1   | Killed a seven-headed hydra
 11248 | Lair:1   | Reached XP level 12. HP: 35/64 MP: 10/12
 11784 | Lair:1   | Noticed Gastronok
 11803 | Lair:1   | Killed Gastronok
 11803 | Lair:1   | Reached skill level 5 in Fighting
 11803 | Lair:1   | Reached skill level 5 in Armour
 12506 | Lair:2   | Received a gift from Okawaru
 13319 | Lair:3   | Found a staircase to the Shoals.
 13542 | Lair:3   | Reached XP level 13. HP: 78/78 MP: 13/13
 13692 | Lair:3   | Found a labyrinth entrance.
 13718 | Lab      | Entered a labyrinth
 15382 | Lab      | Noticed a minotaur
 15392 | Lab      | Killed a minotaur
 15394 | Lab      | Got a warped jade amulet
 15395 | Lab      | Identified the amulet of Exhibitionism {Reflect rF- Str+5 SH+4} (You took it off a minotaur in a labyrinth)
 16306 | Lair:4   | Reached skill level 10 in Fighting
 16306 | Lair:4   | Reached skill level 10 in Armour
 16317 | Lair:4   | Received a gift from Okawaru
 16820 | Lair:4   | Found a hole to the Spider Nest.
 17232 | Lair:5   | Found a staircase to the Slime Pits.
 17232 | Lair:5   | Found a viscous altar of Jiyva.
 17397 | Lair:5   | Gained mutation: Your body sometimes deteriorates upon taking damage. [potion of mutation]
 17397 | Lair:5   | Gained mutation: You have sharp fingernails. [potion of mutation]
 17398 | Lair:5   | Lost mutation: Your body sometimes deteriorates upon taking damage. [potion of mutation]
 17398 | Lair:5   | Lost mutation: You have sharp fingernails. [potion of mutation]
 17398 | Lair:5   | Gained mutation: You have a pair of small antennae on your head. [potion of mutation]
 17398 | Lair:5   | Gained mutation: Your large and strong wings let you fly indefinitely. [potion of mutation]
 17398 | Lair:5   | Gained mutation: You have large cloven feet. [potion of mutation]
 17865 | Lair:6   | Entered Level 6 of the Lair of Beasts
 18494 | Lair:6   | Mutation became permanent: Your large and strong wings let you fly indefinitely. [Gargoyle growth]
 18494 | Lair:6   | Gained mutation: Your large and strong wings let you fly indefinitely. [Gargoyle growth]
 18494 | Lair:6   | Reached XP level 14. HP: 40/90 MP: 14/14
 18875 | Lair:6   | Reached ****** piety under Okawaru
 19060 | Lair:6   | Received a gift from Okawaru
 19105 | Lair:6   | Found a large runed door.
 19105 | Lair:6   | Found a large runed door.
 19956 | D:11     | Found a blossoming altar of Fedhas.
 20194 | D:12     | Received a gift from Okawaru
 20454 | D:12     | Found a roughly hewn altar of Beogh.
 20463 | D:12     | Found a staircase to the Orcish Mines.
 20655 | D:12     | Lost mutation: You have large cloven feet. [potion of mutation]
 20655 | D:12     | Lost mutation: You have a pair of small antennae on your head. [potion of mutation]
 20655 | D:12     | Gained mutation: You are clumsy. (Dex -2) [potion of mutation]
 20655 | D:12     | Gained mutation: Your mind is acute. (Int +2) [potion of mutation]
 20965 | Orc:1    | Entered Level 1 of the Orcish Mines
 22015 | Orc:2    | Entered Level 2 of the Orcish Mines
 22036 | Orc:2    | Noticed kegs's ghost (journeyman HOFi)
 22410 | Orc:2    | Killed kegs's ghost
 22535 | Orc:2    | Noticed Snorg
 22535 | Orc:2    | Reached XP level 15. HP: 82/100 MP: 15/15
 22649 | Orc:1    | Killed Snorg
 23117 | Orc:2    | Found Xammist's Weapon Boutique.
 23125 | Orc:2    | Found Oplane's Food Shop.
 23324 | Orc:2    | Found Guehua's Antique Armour Shop.
 23326 | Orc:2    | Found Keyl's Weapon Boutique.
 23330 | Orc:2    | Bought a shiny plate armour for 650 gold pieces
 23407 | Orc:2    | Found a staircase to the Elven Halls.
 23648 | Orc:2    | Noticed Donald
 23678 | Orc:2    | Killed Donald
 23678 | Orc:2    | Received a gift from Okawaru
 24316 | Spider:1 | Entered Level 1 of the Spider Nest
 24338 | Spider:1 | Noticed Frances
 24544 | Spider:1 | Killed Frances
 24608 | Spider:1 | Noticed Azrael
 24896 | Spider:1 | Killed Azrael
 25485 | Spider:2 | Reached skill level 15 in Armour
 25486 | Spider:2 | Noticed Jakanory's ghost (journeyman MiBe)
 25492 | Spider:2 | Reached skill level 15 in Fighting
 25552 | Spider:2 | Killed Jakanory's ghost
 25570 | Spider:2 | Received a gift from Okawaru
 25574 | Spider:2 | Got an encrusted fustibalus {god gift}
 25780 | Spider:2 | Noticed an emperor scorpion
 25803 | Spider:2 | Killed an emperor scorpion
 25872 | Spider:2 | Noticed an emperor scorpion
 25906 | Spider:2 | Killed an emperor scorpion
 26070 | Spider:2 | Noticed Arachne
 26122 | Spider:2 | Killed Arachne
 26122 | Spider:2 | Received a gift from Okawaru
 26125 | Spider:2 | Got a translucent shield {god gift}
 26136 | Spider:2 | Identified the +0 shield "Pysibles" {rN+ Dex+4 Slay-6} (Okawaru gifted it to you on level 2 of the Spider Nest)
 26495 | Spider:3 | Reached XP level 16. HP: 99/110 MP: 16/16
 27428 | Spider:3 | Got a warped tin amulet
 27454 | Spider:3 | Identified the amulet "Ryzaovve" {RegenMP +Inv Str+3} (You found it on level 3 of the Spider Nest)
 27508 | Spider:3 | Received a gift from Okawaru
 27893 | Spider:4 | Entered Level 4 of the Spider Nest
 27999 | Shoals:1 | Entered Level 1 of the Shoals
 29970 | Shoals:2 | Reached XP level 17. HP: 66/118 MP: 17/17
 30444 | Shoals:2 | Received a gift from Okawaru
 31108 | Shoals:3 | Reached skill level 14 in Shields
 31140 | Shoals:3 | Got a pair of heavily runed gloves
 31141 | Shoals:3 | Identified the +0 pair of gloves of the Dwarven Hall {rPois Regen+ Int+3 SInv} (You acquired it on level 3 of the Shoals)
 31891 | Shoals:4 | Entered Level 4 of the Shoals
 31891 | Shoals:4 | Noticed Ilsuiw
 31960 | Shoals:4 | Killed Ilsuiw
 32758 | Shoals:3 | Reached skill level 15 in Shields
 33050 | Shoals:4 | Noticed Mara
 33083 | Shoals:4 | Noticed nuthulu's illusion
 34048 | Shoals:4 | Received a gift from Okawaru
 34089 | Shoals:4 | Got a shimmering flail {god gift}
 34090 | Shoals:4 | Identified the +8 flail "Roenam" {venom, *Drain rN+ Dex+3 Stlth+} (Okawaru gifted it to you on level 4 of the Shoals)
 34312 | Shoals:4 | Noticed nuthulu's illusion
 34342 | Shoals:4 | Killed Mara
 34342 | Shoals:4 | Reached skill level 16 in Shields
 34342 | Shoals:4 | Reached XP level 18. HP: 68/124 MP: 11/18
 34571 | Shoals:4 | Got an encrusted helmet
 34572 | Shoals:4 | Identified the cursed +0 helmet of Gicuib {Int+3} (You found it on level 4 of the Shoals)
 34752 | Shoals:4 | Got a translucent morningstar
 34753 | Shoals:4 | Identified the +10 morningstar of Oozing Pus {venom, SInv Stlth+} (You found it on level 4 of the Shoals)
 34815 | Shoals:4 | Got a barnacled rune of Zot
 35104 | Spider:4 | Received a gift from Okawaru
 35587 | Spider:4 | Reached skill level 15 in Maces & Flails
 35951 | Spider:4 | Received a gift from Okawaru
 36164 | Spider:4 | Got a gossamer rune of Zot
 37134 | D:13     | Noticed Erolcha
 37141 | D:13     | Killed Erolcha
 37141 | D:13     | Reached skill level 17 in Shields
 37769 | D:14     | Found a flickering gateway to a bazaar.
 37774 | Bazaar   | Entered a bazaar
 37774 | Bazaar   | Found Zaseoqeq's Assorted Antiques.
 37774 | Bazaar   | Found Quecutodgh's Weapon Shoppe.
 37774 | Bazaar   | Found Uthaurph's Weapon Shoppe.
 37774 | Bazaar   | Found Cippuugo's Jewellery Emporium.
 37792 | Bazaar   | Bought a potion of heal wounds for 115 gold pieces
 37792 | Bazaar   | Bought a scroll of silence for 172 gold pieces
 37792 | Bazaar   | Bought a scroll of enchant armour for 172 gold pieces
 37941 | D:14     | Found a frozen archway.
 37952 | IceCv    | Entered an ice cave
 38217 | IceCv    | Reached XP level 19. HP: 124/128 MP: 19/19
 38584 | IceCv    | Lost mutation: Your mind is acute. (Int +2) [potion of mutation]
 38584 | IceCv    | Lost mutation: You are clumsy. (Dex -2) [potion of mutation]
 38584 | IceCv    | Gained mutation: Your flesh is cold resistant. (rC+) [potion of mutation]
 38584 | IceCv    | Gained mutation: You are clumsy. (Dex -2) [potion of mutation]
 38584 | IceCv    | Gained mutation: Your spells are a little harder to cast, but a little more powerful. [potion of mutation]
 38584 | IceCv    | Gained mutation: You are robust. (+10% HP) [potion of mutation]
 38726 | D:14     | Reached skill level 18 in Shields
 38947 | D:14     | Received a gift from Okawaru
 39039 | D:14     | Found a gate to the Vaults.
 39387 | D:15     | Entered Level 15 of the Dungeon
 39457 | D:15     | Found a sparkling altar of Nemelex Xobeh.
 40120 | D:15     | Found a staircase to the Depths.
 40280 | Vaults:1 | Entered Level 1 of the Vaults
 40297 | Vaults:1 | Reached skill level 19 in Shields
 40736 | Vaults:1 | Cast into level 2 of the Abyss (a deep elf sorcerer)
 40977 | Abyss:2  | Gained mutation: Armour fits poorly on your strangely shaped body. [a neqoxec]
 41125 | Vaults:1 | Escaped the Abyss
 41350 | Vaults:1 | Reached skill level 20 in Shields
 41580 | Vaults:1 | Received a gift from Okawaru
 41793 | Vaults:1 | Noticed Jorgrun
 41807 | Vaults:1 | Killed Jorgrun
 42299 | Vaults:2 | Reached XP level 20. HP: 147/147 MP: 20/20
 42360 | Vaults:1 | Reached skill level 21 in Shields
 42478 | Vaults:2 | Found a staircase to the Crypt.
 43324 | Vaults:2 | Received a gift from Okawaru
 43337 | Vaults:1 | Reached skill level 22 in Shields
 43607 | Vaults:2 | Got a smoking demon whip {god gift}
 43608 | Vaults:2 | Identified the +1 demon whip "Xeucemy" {venom, MR+ Int+2 SInv} (Okawaru gifted it to you on level 2 of the Vaults)
 44476 | Vaults:3 | Received a gift from Okawaru
 44560 | Vaults:3 | Reached skill level 23 in Shields
 44958 | Vaults:3 | Reached XP level 21. HP: 154/154 MP: 21/21
 45218 | Vaults:3 | Received a gift from Okawaru
 45234 | Vaults:3 | Killed by mirror damage

Skill      XL: |  1  2  3  4  5  6  7  8  9 10 11 12 13 14 15 16 17 18 19 20 |
---------------+-------------------------------------------------------------+-----
Shields        | 4 5 6 7 9 11 12 13 16 17 20 23 | 23.8
Maces & Flails | 3 4 5 6 8 9 11 14 16 | 16.0
Fighting       | 8 11 13 15 17 | 17.5
Armour         | 8 11 13 15 17 18 | 18.9

Action                   |  1- 3 |  4- 6 |  7- 9 | 10-12 | 13-15 | 16-18 | 19-21 || total
-------------------------+-------+-------+-------+-------+-------+-------+-------++-------
Melee: Flail             |   125 |   306 |   327 |       |       |    88 |       ||   846
       Mace              |       |       |   139 |   529 |  1556 |   918 |       ||  3142
       Morningstar       |       |       |       |       |       |   540 |  1331 ||  1871
Invok: Heroism           |       |       |       |     1 |     6 |     6 |     2 ||    15
       Finesse           |       |       |       |       |       |     2 |       ||     2
 Abil: Fly               |       |       |       |       |     1 |       |       ||     1
       Stop Flying       |       |       |       |       |       |       |     1 ||     1
  Use: Scroll            |     6 |     5 |    12 |     9 |     9 |    13 |     7 ||    61
       Potion            |       |     2 |     2 |     1 |     8 |     4 |     5 ||    22
 Stab: Invisible         |       |       |       |       |    13 |     3 |       ||    16
  Eat: Chunk             |     2 |     7 |    14 |    20 |    22 |    17 |    12 ||    94
       Ration            |       |       |     3 |       |     8 |     6 |     3 ||    20
Armor: Scale mail        |   100 |   194 |    68 |       |       |       |       ||   362
       Plate armour      |       |       |   143 |   172 |   680 |  1148 |   439 ||  2582
Dodge: Dodged            |    62 |   121 |    57 |    45 |   188 |   336 |   158 ||   967
Block: Shield            |    97 |   306 |   188 |       |       |       |       ||   591
       Large shield      |       |       |    98 |   563 |  2009 |  2959 |  1998 ||  7627
       Reflection        |       |       |       |     8 |    41 |    97 |   154 ||   300
